Map: Terrasses de Prion

Players

Ric

  • Race: Protoss Protoss
  • League: Silver

pupu - Winner!

  • Race: Protoss Protoss
  • League: Gold

VOD

Have the link to the VOD?

Description

Time

  • Played on: March 20, 2016, 12:53 p.m.
  • Length: 7:57
Show
View Real Time Build Order
Export as new Build Order

Ric Protoss 

Build Orders: Oracle Opening 

Get SALT Encoding   

  12  0:03  Probe (Chrono Boost)  
  14  0:14  Probe (Chrono Boost)  
  14  0:22  Pylon  
  14  0:29  Probe (Chrono Boost)  
  15  0:41  Probe (Chrono Boost)  
  16  0:50  Gateway  
  16  0:51  Probe (Chrono Boost)  
  17  0:59  Assimilator  
  17  1:21  Probe (Chrono Boost)  
  18  1:31  Probe (Chrono Boost)  
  19  1:41  Cybernetics Core  
  19  1:42  Probe (Chrono Boost)  
  19  1:43  Zealot (Chrono Boost)  
  22  2:06  Assimilator  
  22  2:08  Probe  
  23  2:23  Nexus  
  23  2:29  Pylon  
  23  2:47  Probe  
  24  2:51  Stargate  
  24  2:59  Probe (Chrono Boost)  
  24  3:01  Pylon  
  25  3:20  Probe (Chrono Boost)  
  26  3:31  Probe (Chrono Boost)  
  26  3:32  Forge, Stalker  
  29  3:36  Oracle (Chrono Boost)  
  32  3:42  Probe  
  32  3:47  Probe  
  33  3:54  Probe  
  35  3:58  Probe  
  36  4:06  Probe  
  36  4:08  Probe, Photon Cannon, Oracle (Chrono Boost)  
  40  4:11  Photon Cannon  
  41  4:19  Probe  
  42  4:24  Pylon  
  42  4:29  Probe  
  43  4:34  Photon Cannon  
  43  4:38  Photon Cannon  
  43  4:39  Void Ray (Chrono Boost)  
  47  4:51  Photon Cannon  
  47  4:52  Probe  
  47  4:58  Assimilator  
  48  5:01  Probe  
  48  5:02  Assimilator  
  48  5:03  Probe  
  50  5:13  Probe  
  50  5:16  Void Ray (Chrono Boost)  
  55  5:24  Probe  
  50  5:48  Zealot  
  52  5:53  Void Ray (Chrono Boost)  
  56  6:05  Stargate  
  56  6:15  Zealot  
  56  6:16  Probe  
  59  6:27  Probe  
  59  6:29  Pylon  
  60  6:34  Pylon  
  60  6:37  Probe  
  61  6:40  Pylon  
  61  6:48  Void Ray (Chrono Boost)  
  53  7:08  Nexus  
  52  7:14  Zealot  
Show
View Real Time Build Order
Export as new Build Order

pupu Protoss - Winner!

Build Orders: 1 Gate Expand 

Get SALT Encoding   

  12  0:01  Probe (Chrono Boost)  
  13  0:12  Probe (Chrono Boost)  
  14  0:22  Pylon  
  14  0:23  Probe (Chrono Boost)  
  15  0:40  Probe (Chrono Boost)  
  15  0:41  Gateway  
  16  0:50  Assimilator  
  16  0:51  Probe (Chrono Boost)  
  17  1:01  Probe (Chrono Boost)  
  18  1:18  Nexus  
  18  1:29  Cybernetics Core  
  18  1:36  Probe (Chrono Boost)  
  19  1:47  Pylon  
  19  1:55  Probe (Chrono Boost)  
  20  2:05  Probe (Chrono Boost)  
  20  2:06  Warp Gate (Chrono Boost)  
  20  2:07  Stalker  
  23  2:12  Gateway  
  23  2:15  Pylon  
  23  2:21  Assimilator  
  23  2:29  Pylon  
  23  2:30  Probe x2 (Chrono Boost)  
  25  2:43  Sentry  
  27  2:45  Probe x2  
  29  2:55  Probe  
  30  3:00  Assimilator  
  30  3:01  Probe  
  30  3:05  Zealot  
  33  3:06  Probe  
  33  3:12  Twilight Council  
  34  3:16  Gateway  
  34  3:23  Gateway  
  34  3:25  Probe  
  34  3:26  Probe  
  36  3:42  Gateway  
  36  3:45  Gateway  
  36  3:47  Probe  
  37  3:48  Probe  
  37  3:49  Pylon  
  37  3:52  Charge (Chrono Boost)  
  38  3:58  Probe  
  39  4:10  Forge  
  39  4:14  Pylon  
  39  4:16  Pylon  
  39  4:18  Probe  
  39  4:19  Probe  
  39  4:24  Assimilator  
  41  4:31  Zealot x2  
  45  4:37  Stalker  
  45  4:38  Stalker  
  49  4:51  Protoss Ground Weapons Level 1 (Chrono Boost)  
  49  4:54  Probe x2  
  49  4:59  Photon Cannon  
  51  5:03  Photon Cannon  
  51  5:12  Pylon  
  51  5:13  Stalker  
  53  5:19  Photon Cannon  
  53  5:23  Photon Cannon  
  53  5:25  Pylon  
  53  5:29  Pylon  
  53  5:42  Stalker  
  52  5:44  Stalker x3  
  58  5:52  Zealot x2  
  62  6:06  Probe x2  
  64  6:17  Photon Cannon  
  64  6:18  Probe x2  
  64  6:21  Photon Cannon  
  66  6:30  Probe x2  
  68  6:34  Stalker x2  
  68  6:36  Sentry  
  68  6:37  Sentry  
  76  6:42  Probe  
  76  6:43  Probe  
  66  7:16  Stalker x4  
  66  7:17  Stalker x2  
Tags
 
Add a new tag
Caveats
  • Supply blocks, unpowered buildings, or Contaminate may cause inaccurate times.
  • Supply counts are checked every 10 seconds.